[Event "Tournoi fermé pour norme de MI de Créon 2025"]
[Site "CREON, France"]
[Date "2025.07.31"]
[Round "6.2"]
[White "Mohammad Nubairshah"]
[Black "Villegas, Pierre"]
[Result "1-0"]
[TimeControl "1h30/40 - 30' + [30'']"]
[WhiteElo "2378"]
[BlackElo "2291"]

1. c4 c5 2. g3 Nc6 3. Bg2 g6 4. Nc3 Bg7 5. a3 b6 6. e4 Bb7 7. d3 d6 8. Bg5 Nf6 9. Rb1 h6 10.
Be3 O-O 11. h3 Ne8 12. Qd2 Kh7 13. h4 Nd4 14. Nge2 Nf5 15. g4 Nxe3 16. Qxe3 Bxc3+ 17. bxc3 Qd7 18. Ng3 Ng7 19. f4 f5 20.
h5 gxh5 21. gxf5 Rg8 22. Bf3 Qa4 23. Rb2 Qxa3 24. Rbh2 Qxc3+ 25. Kf2 Qb2+ 26. Ne2 Raf8 27. Bxh5 Nxh5 28. Rxh5 Qg7 29. Rxh6+ Qxh6 30.
Rxh6+ Kxh6 31. Qh3+ Kg7 32. Qg4+ Kf7 33. Qh5+ Kf6 34. Ng3 a5 35. Qh6+ Kf7 36. Qe6+ Ke8 37. f6 1-0

[Event "Tournoi fermé pour norme de MI de Créon 2025"]
[Site "CREON, France"]
[Date "2025.07.31"]
[Round "6.1"]
[White "Lamaze, Simon"]
[Black "Lacan-Rus, David"]
[Result "1/2-1/2"]
[TimeControl "1h30/40 - 30' + [30'']"]
[WhiteElo "2458"]
[BlackElo "2369"]

1. e4 c5 2. Nf3 d6 3. d4 cxd4 4. Nxd4 Nf6 5. Nc3 a6 6. g3 e5 7. Nb3 Be7 8. Bg5 Be6 9. Bxf6 Bxf6 10.
Qd3 Nc6 11. Nd5 Rc8 12. c3 O-O 13. Be2 Bg5 14. Rd1 b5 15. h4 Bh6 16. O-O g6 17. Ne3 Qc7 18. Qxd6 Bxe3 19. Qxc7 Bxf2+ 20. Rxf2 Rxc7 21. Nc5 Bc8 22. Rf6 Kg7 23. Rfd6 a5 24. Nd7 Nd4 25. Nxf8 Nxe2+ 26. Kf2 Kxf8 27. Kxe2 Bg4+ 28. Ke1 Bxd1 29.
Kxd1 b4 30. Kc2 bxc3 31. b3 a4 32. Rd3 axb3+ 33. axb3 Ke7 34. g4 f5 35. gxf5 gxf5 36. exf5 Kf6 37. Rxc3 Rb7 38. Rf3 Rb4 39.
Kc3 Rxh4 40. b4 Rh1 41. b5 Rc1+ 42. Kb2 Rc5 43. b6 Rc8 44. b7 1/2-1/2

[Event "Tournoi fermé pour norme de MI de Créon 2025"]
[Site "CREON, France"]
[Date "2025.07.31"]
[Round "6.3"]
[White "Jerez Perez, Alfonso"]
[Black "Kocharin, Timur"]
[Result "1/2-1/2"]
[TimeControl "1h30/40 - 30' + [30'']"]
[WhiteElo "2328"]
[BlackElo "2302"]

1. e4 c5 2. c3 Nf6 3. e5 Nd5 4. Nf3 Nc6 5. Bc4 Nb6 6. Bb3 d5 7. exd6 Qxd6 8. O-O e5 9. d4 exd4 10.
cxd4 c4 11. Bc2 Be7 12. Nc3 Bg4 13. Be3 O-O 14. h3 Bh5 15. Ne4 Qd8 16. Ng3 Bg6 17. Bxg6 hxg6 18. b3 Qd5 19. Ne2 cxb3 20.
Nf4 Qd6 21. Qxb3 Nb4 22. Ne5 N4d5 23. Nfd3 Rac8 24. Nc5 Rc7 25. Rac1 Nxe3 26. fxe3 Qd5 27. Ncd3 Rxc1 28. Rxc1 Bg5 29.
Re1 Rc8 30. Nf3 Be7 31. Rc1 Qxb3 32. Rxc8+ Nxc8 33. axb3 Nd6 34. Kf2 f6 35. Ke2 Kf7 36. Nf4 a5 37. Kd3 b5 38. Nd5 a4 39.
bxa4 bxa4 40. Nc3 a3 41. Nd2 f5 42. Kc2 Bg5 43. Kd3 Ke6 44. Nb3 Nb7 45. Nb5 Be7 46. Nc3 Kd7 47. Kc4 Kc6 48.
Na2 Nd6+ 49. Kb4 Ne4+ 50. Kc4 Bg5 51. Nb4+ Kd6 52. Kd3 Be7 53. Kc4 Bg5 54. Kd3 Ke6 55. Na2 Bh4 56. Nb4 Be7 57.
Na2 Kd5 58. Na1 Kc6 59. Kc4 Nd6+ 60. Kb4 Nb7+ 61. Ka4 Kd5 62. Kb5 Nd6+ 63. Ka4 Ke4 64. Nc3 Kd3 65. Nd5 Bf8 66. Nf4+ Kc3 1/2-1/2

[ePGN "0.1;DGT LiveChess/2.2.7"]

[Event "Tournoi fermé pour norme de MI de Créon 2025"]
[Site "CREON, France"]
[Date "2025.09.01"]
[Round "7.3"]
[White "Villegas, Pierre"]
[Black "Jerez Perez, Alfonso"]
[Result "1/2-1/2"]
[TimeControl "1h30/40 - 30' + [30'']"]
[WhiteElo "2291"]
[BlackElo "2328"]

1. d4 d5 2. Nf3 Nf6 3. c3 c6 4. Qc2 g6 5. Bf4 Bf5 6. Qb3 Qb6 7. e3 Bg7 8. h3 O-O 9. Nbd2 Ne4 10.
g4 Nxd2 11. Nxd2 Bc8 12. Bg2 Nd7 13. c4 e5 14. dxe5 Nxe5 15. Bxe5 Bxe5 16. cxd5 cxd5 17. Bxd5 Bxb2 18. Rb1 Qxb3 19.
Nxb3 Bc3+ 20. Ke2 Rb8 21. Rbc1 Bf6 22. Rhd1 Bd8 23. f4 Kg7 24. Kf3 h5 25. e4 hxg4+ 26. hxg4 Rh8 27. f5 Bb6 28.
Kf4 g5+ 29. Kf3 Rh3+ 30. Kg2 Rh4 31. Kf3 Rh3+ 32. Kg2 Rh4 33. Kf3 Rh3+ 1/2-1/2

[Event "Tournoi fermé pour norme de MI de Créon 2025"]
[Site "CREON, France"]
[Date "2025.09.01"]
[Round "7.1"]
[White "Lacan-Rus, David"]
[Black "Malka, Samuel"]
[Result "0-1"]
[TimeControl "1h30/40 - 30' + [30'']"]
[WhiteElo "2369"]
[BlackElo "2268"]

1. c4 g6 2. Nc3 Bg7 3. e4 d6 4. g3 c5 5. Bg2 Nc6 6. Nge2 a6 7. Rb1 Rb8 8. a4 Nf6 9. O-O O-O 10.
d3 Ne8 11. Be3 Nc7 12. d4 cxd4 13. Nxd4 Nxd4 14. Bxd4 Bxd4 15. Qxd4 b5 16. b4 e5 17. Qd3 bxc4 18. Qxc4 Ne6 19.
Kh1 Bb7 20. Qd3 Qb6 21. Ne2 Bc6 22. Qa3 Qb7 23. Nc3 Nd4 24. Rfc1 Qd7 25. Rb2 Kg7 26. Qa2 Rfc8 27. Rcb1 f5 28.
Rd2 fxe4 29. Nxe4 Bxa4 30. Rxd4 exd4 31. Qd5 Qe7 32. Qxd4+ Qe5 33. Qa7+ Kh8 34. f4 Qg7 35. Qxa6 Bc6 36.
Rd1 Ra8 37. Qe2 Ra1 38. Nxd6 Qd4 39. Nf7+ Kg7 0-1

[Event "Tournoi fermé pour norme de MI de Créon 2025"]
[Site "CREON, France"]
[Date "2025.09.01"]
[Round "7.4"]
[White "Pichon, Ewen"]
[Black "Le Hetet, Nicolas"]
[Result "1-0"]
[TimeControl "1h30/40 - 30' + [30'']"]
[WhiteElo "2311"]
[BlackElo "2288"]

1. d4 d5 2. c4 c6 3. Nf3 Nf6 4. e3 Bf5 5. Nc3 e6 6. Nh4 Bg6 7. Bd2 Nbd7 8. Nxg6 hxg6 9. Qb3 Qc7 10.
h3 Bd6 11. Rc1 a6 12. Bd3 g5 13. cxd5 exd5 14. Kd1 b5 15. e4 dxe4 16. Nxe4 Bf4 17. Nxf6+ gxf6 18. Re1+ Kf8 19. Bb4+ c5 20.
Bxc5+ Nxc5 21. Rxc5 Qd7 22. g3 Rxh3 23. gxf4 Qxd4 24. Rd5 Qxf2 25. Rd7 Qf3+ 26. Be2 Qxb3+ 27. axb3 Re8 28. Rf1 gxf4 29.
Rxf4 Rxb3 30. Rxf6 Re7 31. Rd2 Re6 32. Rxe6 fxe6 33. Bg4 Ke7 34. Re2 Rd3+ 35. Kc2 Rd6 36. Rh2 Rd4 37. Be2 Re4 38.
Bd3 Rd4 39. Rh7+ Kf6 40. Ra7 Rd6 41. Be4 Ke5 42. Bg2 Kd4 43. Ra8 Rb6 44. Kb3 e5 45. Kb4 e4 46. Rd8 Ke3 47. Re8 1-0

[Event "Tournoi fermé pour norme de MI de Créon 2025"]
[Site "CREON, France"]
[Date "2025.09.01"]
[Round "7.2"]
[White "Kocharin, Timur"]
[Black "Lamaze, Simon"]
[Result "0-1"]
[TimeControl "1h30/40 - 30' + [30'']"]
[WhiteElo "2302"]
[BlackElo "2458"]

1. d4 Nf6 2. c4 g6 3. Nf3 Bg7 4. g3 b6 5. Bg2 Bb7 6. O-O O-O 7. d5 Ne4 8. Qc2 f5 9. Nbd2 Nd6 10.
e4 c6 11. Re1 Na6 12. e5 Nf7 13. e6 Nd6 14. Ne5 cxd5 15. Nxd7 Re8 16. cxd5 Rc8 17. Qb3 Nc5 18. Nxc5 Rxc5 19.
Nf1 Qa8 20. Ne3 Rf8 21. Bd2 f4 22. gxf4 Rxf4 23. Bb4 Rb5 24. Bxd6 Rxb3 25. Bxf4 Rxb2 26. Rad1 Bc3 27. Rf1 Bb4 28.
d6 Bxd6 29. Bxb7 Qxb7 30. Bxd6 exd6 31. Nd5 Re2 32. Rfe1 Qxd5 33. Rxd5 Rxe1+ 34. Kg2 Rxe6 35. a4 Re4 36. a5 Re5 37.
Rxd6 Rxa5 38. Rd7 Rg5+ 39. Kf1 a5 40. Ra7 Rb5 41. Kg2 Rb4 42. Kg3 g5 0-1

[Event "Tournoi fermé pour norme de MI de Créon 2025"]
[Site "CREON, France"]
[Date "2025.09.01"]
[Round "7.5"]
[White "Llari, Marc"]
[Black "Mohammad Nubairshah"]
[Result "1/2-1/2"]
[TimeControl "1h30/40 - 30' + [30'']"]
[WhiteElo "2341"]
[BlackElo "2378"]

1. Nf3 d5 2. e3 Nf6 3. c4 e6 4. Nc3 c5 5. cxd5 Nxd5 6. d4 cxd4 7. Nxd5 Qxd5 8. Qxd4 Qxd4 9. Nxd4 e5 10.
Nb5 Bb4+ 11. Bd2 Bxd2+ 12. Kxd2 Na6 13. Rc1 Ke7 14. Bc4 Bd7 15. Nc3 Nc7 16. Ke2 b5 17. Nd5+ Nxd5 18. Bxd5 Rac8 19.
Bb7 Rc4 20. Bd5 1/2-1/2

[ePGN "0.1;DGT LiveChess/2.2.7"]

[Event "Tournoi fermé pour norme de MI de Créon 2025"]
[Site "CREON, France"]
[Date "2025.08.02"]
[Round "8.3"]
[White "Lacan-Rus, David"]
[Black "Kocharin, Timur"]
[Result "1-0"]
[TimeControl "1h30/40 - 30' + [30'']"]
[WhiteElo "2369"]
[BlackElo "2302"]

1. e4 c6 2. d4 d5 3. Nc3 dxe4 4. Nxe4 Nf6 5. Nxf6+ exf6 6. c3 Bd6 7. Bd3 O-O 8. Qc2 Re8+ 9.
Ne2 h6 10. O-O Nd7 11. Be3 Nf8 12. c4 Bc7 13. Rfe1 Bg4 14. Ng3 h5 15. h3 h4 16. Ne4 Bh5 17. Qd2 f5 18. Nc5 b6 19.
Na6 f4 20. Bxf4 Bxf4 21. Qxf4 Ne6 22. Qd2 Qf6 23. Re5 Bg6 24. Bxg6 Qxg6 25. d5 cxd5 26. cxd5 Qf6 27. Rae1 Red8 28.
Qe3 Nf8 29. Nc7 Rac8 30. Ne8 Qg6 31. Kh1 Kh7 32. Kg1 Kg8 33. b3 Kh7 34. Kh1 Kg8 35. f4 Qg3 36. Rg5 Rxe8 37. Rxg3 Rxe3 38.
Rgxe3 1-0

[Event "Tournoi fermé pour norme de MI de Créon 2025"]
[Site "CREON, France"]
[Date "2025.08.02"]
[Round "8.4"]
[White "Jerez Perez, Alfonso"]
[Black "Llari, Marc"]
[Result "1-0"]
[TimeControl "1h30/40 - 30' + [30'']"]
[WhiteElo "2328"]
[BlackElo "2341"]

1. e4 c5 2. c3 d5 3. exd5 Qxd5 4. d4 Nc6 5. Nf3 Bf5 6. Be3 cxd4 7. Nxd4 Nf6 8. Nxf5 Qxf5 9. Qa4 a6 10.
Be2 e6 11. Bf3 Rc8 12. O-O Nd5 13. Bxd5 Qxd5 14. Rd1 Qb5 15. Qxb5 axb5 16. Nd2 Ne5 17. b3 Ba3 18. Bd4 Nc6 19.
Bxg7 Rg8 20. Bf6 Rg6 21. Ne4 Ne7 22. b4 Rc6 23. Bxe7 Kxe7 24. Rab1 f5 25. Rb3 Bxb4 26. Rxb4 fxe4 27.
Rxb5 Rxc3 28. Rxb7+ Kf6 29. Rb3 Rxb3 30. axb3 Rg5 31. b4 Rb5 32. Rb1 Ke5 33. Kf1 h5 34. Ke2 Kd4 35. g3 Kd5 36.
Ke3 Ke5 37. Rb2 Kd5 38. h3 Ke5 39. Rb1 Kf5 40. Kd4 Rd5+ 41. Kc4 Rd2 42. b5 Rxf2 43. b6 Rc2+ 44. Kd4 e5+ 45. Ke3 1-0

[Event "Tournoi fermé pour norme de MI de Créon 2025"]
[Site "CREON, France"]
[Date "2025.08.02"]
[Round "8.5"]
[White "Malka, Samuel"]
[Black "Le Hetet, Nicolas"]
[Result "1-0"]
[TimeControl "1h30/40 - 30' + [30'']"]
[WhiteElo "2268"]
[BlackElo "2288"]

1. d4 d5 2. c4 e6 3. Nf3 Nf6 4. Nc3 c6 5. e3 Nbd7 6. Qc2 Bd6 7. Bd3 O-O 8. O-O dxc4 9. Bxc4 b5 10.
Bd3 Bb7 11. e4 e5 12. Bg5 Qc7 13. Nxe5 b4 14. Nxd7 Bxh2+ 15. Kh1 Nxd7 16. Ne2 h6 17. Be7 Rfe8 18. Bxb4 Bd6 19. Bxd6 Qxd6 20.
f4 c5 21. d5 Qe7 22. Nc3 Nf6 23. Qf2 c4 24. Bc2 Rab8 25. Rad1 Ng4 26. Qg3 1-0

[Event "Tournoi fermé pour norme de MI de Créon 2025"]
[Site "CREON, France"]
[Date "2025.08.02"]
[Round "8.1"]
[White "Lamaze, Simon"]
[Black "Villegas, Pierre"]
[Result "1-0"]
[TimeControl "1h30/40 - 30' + [30'']"]
[WhiteElo "2458"]
[BlackElo "2291"]

1. e4 c6 2. d4 d5 3. e5 Bf5 4. Nc3 e6 5. g4 Bg6 6. Nge2 c5 7. h4 h5 8. Nf4 Bh7 9. Nxh5 Nc6 10.
dxc5 Bxc5 11. Bg5 1-0

[Event "Tournoi fermé pour norme de MI de Créon 2025"]
[Site "CREON, France"]
[Date "2025.08.02"]
[Round "8.2"]
[White "Mohammad Nubairshah"]
[Black "Pichon, Ewen"]
[Result "1/2-1/2"]
[TimeControl "1h30/40 - 30' + [30'']"]
[WhiteElo "2378"]
[BlackElo "2311"]

1. d4 d5 2. c4 c6 3. cxd5 cxd5 4. Nc3 Nc6 5. Nf3 Nf6 6. Bf4 Nh5 7. Bc1 Nf6 8. Bf4 Nh5 9. Bc1 Nf6 10.
Bf4 Nh5 1/2-1/2

[ePGN "0.1;DGT LiveChess/2.2.7"]

[Event "Tournoi fermé pour norme de MI de Créon 2025"]
[Site "CREON, France"]
[Date "2025.08.03"]
[Round "9.5"]
[White "Llari, Marc"]
[Black "Lamaze, Simon"]
[Result "1/2-1/2"]
[TimeControl "1h30/40 - 30' + [30'']"]
[WhiteElo "2341"]
[BlackElo "2458"]

1. Nf3 Nf6 2. c4 g6 3. Nc3 Bg7 4. e4 O-O 5. d4 d6 6. h3 e5 7. d5 a5 8. Be3 Na6 9. g4 Nd7 10.
a3 Nb6 11. Be2 Bd7 12. Rg1 c6 13. h4 Rc8 14. Qb3 Nc5 15. Bxc5 dxc5 16. O-O-O Ra8 17. g5 cxd5 18. exd5 e4 19.
Nd2 a4 20. Qc2 Nc8 21. Bg4 Bxg4 22. Rxg4 Qd7 23. Rf4 f5 24. gxf6 Bh6 25. Rxe4 Rxf6 26. Re2 Nd6 27. Kb1 Bxd2 28.
Qxd2 Raf8 29. Qc2 Rf4 30. Qxa4 Qf5+ 31. Qc2 Qxc2+ 32. Kxc2 Rxc4 33. Re6 Nf5 34. Rb6 Rxh4 35. Rxb7 Nd6 1/2-1/2

[Event "Tournoi fermé pour norme de MI de Créon 2025"]
[Site "CREON, France"]
[Date "2025.08.03"]
[Round "9.2"]
[White "Le Hetet, Nicolas"]
[Black "Mohammad Nubairshah"]
[Result "1/2-1/2"]
[TimeControl "1h30/40 - 30' + [30'']"]
[WhiteElo "2288"]
[BlackElo "2378"]

1. e4 c5 2. Nc3 e6 3. Nf3 Nc6 4. d4 cxd4 5. Nxd4 Qc7 6. Be3 a6 7. Qf3 Nf6 8. O-O-O Ne5 9. Qg3 b5 10.
f4 Neg4 11. e5 Nxe3 12. Qxe3 b4 13. Ne4 Nxe4 14. Qxe4 Bb7 15. Qe1 Bc5 16. Nf3 Rc8 17. Bd3 Bd5 18. Kb1 Qa5 19. b3 Bxf3 20. gxf3 Bd4 21. a4 Rc3 22. Bxa6 Qd5 23. Bd3 Rc8 24. Bc4 Qa5 25. Bd3 1/2-1/2

[Event "Tournoi fermé pour norme de MI de Créon 2025"]
[Site "CREON, France"]
[Date "2025.08.03"]
[Round "9.3"]
[White "Villegas, Pierre"]
[Black "Lacan-Rus, David"]
[Result "1/2-1/2"]
[TimeControl "1h30/40 - 30' + [30'']"]
[WhiteElo "2291"]
[BlackElo "2369"]

1. d4 Nf6 2. c4 g6 3. Nc3 d5 4. Bf4 Bg7 5. e3 O-O 6. cxd5 Nxd5 7. Nxd5 Qxd5 8. Bxc7 Na6 9. Bxa6 Qxg2 10.
Qf3 Qxf3 11. Nxf3 bxa6 12. Rc1 f6 13. Rg1 Rf7 14. Ke2 Bd7 15. b3 e5 16. a4 exd4 17. Nxd4 Re8 18. Rc4 f5 19.
Kd3 Bxd4 20. Rxd4 Bxa4 21. Rxa4 Rxc7 22. Rxa6 Rd8+ 23. Ke2 Rb8 24. Rga1 Rxb3 25. Rxa7 Rbb7 26. Rxb7 1/2-1/2

[Event "Tournoi fermé pour norme de MI de Créon 2025"]
[Site "CREON, France"]
[Date "2025.08.03"]
[Round "9.1"]
[White "Kocharin, Timur"]
[Black "Malka, Samuel"]
[Result "1/2-1/2"]
[TimeControl "1h30/40 - 30' + [30'']"]
[WhiteElo "2302"]
[BlackElo "2268"]

1. e4 e5 2. Nf3 Nc6 3. Bb5 a6 4. Ba4 Nf6 5. O-O Be7 6. d3 b5 7. Bb3 d6 8. a3 a5 9. c4 bxc4 10. Bxc4 O-O 11. Nc3 Bg4 12.
h3 Bxf3 13. Qxf3 Nd4 14. Qd1 c6 15. Ba2 Nd7 16. Be3 Bf6 17. g3 g6 18. Ne2 Nxe2+ 19. Qxe2 c5 20. Qd2 Qe7 21. Rac1 Rfb8 22.
Rc2 Nf8 23. h4 Ne6 24. Kg2 Qd7 25. Bc4 h5 26. f3 Kg7 27. Qf2 Qe7 28. Rh1 Kh7 29. Qd2 Bg7 30. Rb1 a4 31. Qc1 f5 32.
b4 axb3 33. Rxb3 Rxb3 34. Bxb3 f4 35. Bxe6 Qxe6 36. gxf4 exf4 37. Bxf4 Qb3 38. Bxd6
Qxd3 39. Qd2 Qxa3 40. Bxc5 Qb3 41. Bf2 Rf8 42. Be3 Rd8 43. Qxd8 Qxc2+ 44. Bf2 Qb2 45. Qd5 Qf6 46.
Bg3 Qb2+ 47. Bf2 Qf6 48. Qc5 Qb2 49. Qe3 Qe5 50. f4 Qe6 51. Qf3 Qd6 52. Kh3 Qc6 53. Bg3 Qc3 54. Qe2 Qb2 55.
Qd3 Qd4 56. Qe2 Qb2 57. Qf3 Qc3 58. Qg2 Qb2 59. Bf2 Qc3+ 60. Kh2 Qd2 61. Qf3 Qc3 62. Qd1 Qb2 63. Kg2 Qf6 64. Qf3 Qc3 65.
Be3 Bd4 66. Bxd4 Qxd4 67. Kg3 Qg1+ 68. Kh3 Qd4 69. f5 Qd7 70. Kg2 Qd2+ 71. Qf2 Qb4 72. fxg6+ Kxg6 73. Qf5+ Kg7 74. Qe5+ Kg8 75.
Qg5+ Kf8 76. Qf6+ Ke8 77. Qe5+ Kf8 78. Kf3 Qe1 79. Qc5+ Kg8 80. Qg5+ Kf8 81. Qf6+ Ke8 82. Qh8+ Ke7 83. Qg7+ Ke6 84. Qg6+ Ke7 85.
Qg5+ Ke6 86. Qd5+ Ke7 87. Qe5+ Kf8 88. Qf6+ Ke8 89. Kf4 Qf2+ 90. Kg5 Qg2+ 91. Kxh5 Qxe4 92. Kh6 Qe3+ 93. Kh7 Qa7+ 94.
Qg7 Qf7 95. Kh6 Qf4+ 96. Qg5 Qf8+ 97. Kg6 Qf7+ 98. Kh6 Qf8+ 99. Kh7 Qf7+ 100. Kh8 Qf8 101. Qg8 Ke7 102. h5 Qh6+ 103. Qh7+ Qxh7+ 104. Kxh7 Kf7 105. h6 Kf8 106. Kg6 Kg8 107. h7+ Kh8 108. Kh6 1/2-1/2